 Dungeon Crawl Stone Soup version 0.17-a0-1880-gacf7e67 (webtiles) character file.

397 kae the Basher (level 6, -1/51 HPs)
             Began as a Minotaur Fighter on Sept 21, 2015.
             Slain by Goblin1989's ghost (8 damage)
             ... on level 4 of the Dungeon.
             The game lasted 00:02:10 (2355 turns).

kae the Basher (Minotaur Fighter)                   Turns: 2355, Time: 00:02:10

Health: -1/51      AC:  8    Str: 21    XL:     6   Next: 53%
Magic:  5/5        EV:  9    Int:  7    God:
Gold:   165        SH:  9    Dex:  9    Spells: 0 memorised, 5 levels left

rFire  . . .     SeeInvis .     a - +0 flail
rCold  . . .     Clarity  .     n - +2 scale mail {rPois}
rNeg   . . .     SustAt   .     c - +0 shield
rPois  +         Gourm    .     (helmet restricted)
rElec  .         Spirit   .     (no cloak)
rCorr  .         Warding  .     (no gloves)
rMut   .         Stasis   .     (no boots)
MR     .....                    (no amulet)
Stlth  ..........               (no ring)
                                i - +2 ring of evasion

@: not resistant to hostile enchantments, extremely unstealthy
A: retaliatory headbutt, horns 2
a: no special abilities


You were on level 4 of the Dungeon.
You were not hungry.

You visited 1 branch of the dungeon, and saw 4 of its levels.

You collected 165 gold pieces.

Inventory:

Hand weapons
 a - a +0 flail (weapon)
Armour
 b - a +0 scale mail
 c - a +0 shield (worn)
 n - a +2 scale mail of poison resistance (worn)
Jewellery
 d - an uncursed ring of stealth {unknown}
 i - a +2 ring of evasion (left hand)
Scrolls
 f - a scroll of immolation
 g - a scroll of fog
 j - a scroll of identify
Potions
 h - a potion of invisibility
 l - 2 potions of curing {unknown}
 m - a potion of heal wounds {unknown}
 o - 2 potions of lignification {unknown}
 s - 2 potions of brilliance {unknown}
 u - a potion of flight {unknown}
Comestibles
 e - 2 bread rations
 k - a meat ration
 r - a chunk of flesh


   Skills:
 - Level 3.6 Fighting
 + Level 8.5 Maces & Flails
 - Level 3.6 Armour
 - Level 3.6 Shields


You had 5 spell levels left.
You didn't know any spells.

Dungeon Overview and Level Annotations

Branches:
Dungeon (4/15)
 Temple: D:4-7

Altars:

Annotations:
D:4 Goblin1989's ghost, average DrTm


Innate Abilities, Weirdness & Mutations

You reflexively headbutt those who attack you in melee.
You have a pair of horns on your head.


Message History

You are too injured to fight recklessly!
Unknown command.
You closely miss the orc wizard.
The orc wizard picks up a scroll of noise.
Goblin1989's ghost hits you.
* * * LOW HITPOINT WARNING * * *
You closely miss the orc wizard. You block the orc wizard's attack.
Goblin1989's ghost closely misses you.
The orc wizard hits you but does no damage.
Goblin1989's ghost hits you.
* * * LOW HITPOINT WARNING * * *
Unknown command.
The orc wizard mumbles some strange words.
The orc wizard flickers and vanishes!
Deactivating autopickup; reactivate with Ctrl-A.
Unknown command.
You closely miss Goblin1989's ghost.
Goblin1989's ghost is lightly damaged.
Goblin1989's ghost hits you!
You die...

#####.#..........
...).............
#####....#.#.####
#....#.#.# #
#######....#.#.#
# #........#.#.#
# # #..#####.#.#
# ##.# #.#.# #
#@# #.#.# # #W#
#+#.# # #{.# ..#
# ....# .(# #
.....# # #.....#
# #......
####..## ...


You could see Goblin1989's ghost.

Vanquished Creatures
  The ghost of Uberwunderbarhen the Ducker, an average OpFi (D:3)
  A centaur (D:3)
  An orc priest (D:4)
  Ijyb (D:2)
  An iguana (D:4)
  2 orc wizards
  2 adders
  An ooze (D:1)
  3 worms
  4 giant geckos
  3 orcs (D:3)
  4 giant cockroaches
  8 hobgoblins
  7 jackals
  A ball python (D:3)
  A ball python skeleton (D:4)
  4 bats
  4 giant newts
  5 goblins
  9 kobolds
  9 rats
72 creatures vanquished.

Notes
Turn   | Place    | Note
--------------------------------------------------------------
     0 | D:1      | kae the Minotaur Fighter began the quest for the Orb.
     0 | D:1      | Reached XP level 1. HP: 19/19 MP: 0/0
   103 | D:1      | Reached XP level 2. HP: 24/26 MP: 1/1
   298 | D:1      | Reached skill level 4 in Maces & Flails
   791 | D:2      | Reached XP level 3. HP: 31/31 MP: 2/2
  1016 | D:2      | Noticed Ijyb
  1030 | D:2      | Killed Ijyb
  1030 | D:2      | Reached skill level 5 in Maces & Flails
  1030 | D:2      | Reached XP level 4. HP: 31/39 MP: 3/3
  1582 | D:3      | Noticed a centaur
  1585 | D:3      | Killed a centaur
  1585 | D:3      | Reached skill level 6 in Maces & Flails
  1585 | D:3      | Reached XP level 5. HP: 40/45 MP: 4/4
  1632 | D:3      | Reached skill level 7 in Maces & Flails
  1670 | D:3      | Noticed Uberwunderbarhen's ghost (average OpFi)
  1677 | D:3      | Killed Uberwunderbarhen's ghost
  1677 | D:3      | Reached XP level 6. HP: 26/51 MP: 5/5
  2212 | D:4      | Reached skill level 8 in Maces & Flails
  2343 | D:4      | Noticed Goblin1989's ghost (average DrTm)
  2355 | D:4      | Slain by Goblin1989's ghost

Vault maps used:
D:1:      lemuel_arrival_behind_the_door_small, grunt_decor_arrowhead
D:2:      uniq_iyjb
D:3:      first_bread
D:4:      nemelex_altar_shiori, vehumet_crystals, okawaru_altar_gauntlet_db

Action                   |  1- 3 |  4- 6 || total
-------------------------+-------+-------++-------
Melee: Flail             |    90 |   100 ||   190
  Use: Scroll            |     2 |     6 ||     8
       Potion            |       |     1 ||     1
  Eat: Chunk             |       |     5 ||     5
